 Dungeon Sprint DCSS version 0.21.1-1-g345015f (webtiles) character file.

9900000 vatarom the Conqueror (level 27, -93/273 HPs)
             Began as a Minotaur Fighter on Apr 28, 2018.
             Was the Champion of Makhleb.
             Annihilated by a sculptor of flesh
             ... wielding a +9 great sword
              (163 damage)
             ... in the Dungeon (Sprint VIII: "Arena of Blood").
             The game lasted 00:03:06 (99 turns).

vatarom the Conqueror (Minotaur Fighter)              Turns: 99, Time: 00:03:07

Health: -93/273    AC: 13    Str: 29    XL:     27
Magic:  36/53      EV: 28    Int:  6    God:    Makhleb [******]
Gold:   0          SH:  0    Dex: 14    Spells: 80/80 levels left

rFire    . . .     SeeInvis .   l - +∞ Axe of Woe
rCold    . . .     Gourm    .   (shield currently unavailable)
rNeg     . . .     Faith    .   b - +0 scale mail
rPois    .         Spirit   .   (helmet restricted)
rElec    .         Reflect  .   (no cloak)
rCorr    .         Harm     .   (no gloves)
MR       ++...     NoTele   +   (no boots)
Stlth    ++++++++..             (no amulet)
HPRegen  0.55/turn              (no ring)
MPRegen  0.33/turn              (no ring)

@: no status effects
A: retaliatory headbutt, horns 2
a: Minor Destruction, Lesser Servant of Makhleb, Major Destruction, Greater
Servant of Makhleb, Renounce Religion


You were in the Dungeon.
You worshipped Makhleb.
Makhleb was exalted by your worship.
You were not hungry.

You visited 1 branch

Inventory:

Hand Weapons
 a - a +0 war axe
 l - the +∞ Axe of Woe (weapon)
   (You found it in the Dungeon)
Armour
 b - a +0 scale mail (worn)
 c - a +0 shield
Scrolls
 k - a scroll of blinking
Potions
 d - a potion of might
 e - a potion of curing
 g - a potion of heal wounds
 h - a potion of haste
 i - 2 potions of magic
 j - a potion of berserk rage
Comestibles
 f - a ration


   Skills:
 O Level 27 Fighting
 O Level 27 Axes
 O Level 27 Throwing
 O Level 27 Armour
 O Level 27 Dodging
 O Level 27 Stealth
 O Level 27 Shields
 O Level 27 Unarmed Combat
 O Level 27 Spellcasting
 O Level 27 Invocations


You had 80 spell levels left.
You didn't know any spells.

Dungeon Overview and Level Annotations

Branches:
Dungeon (1/1)

Altars:
Makhleb

Annotations:
D The Captor


Innate Abilities, Weirdness & Mutations

You reflexively headbutt those who attack you in melee.
You have a pair of horns on your head.


Message History

The eight-headed meat hydra is engulfed in blazing flames.
The eight-headed meat hydra calls on the powers of darkness!
The eight-headed meat hydra convulses!
The bag of meat convulses!
Your body is wracked with pain!
The bag of meat convulses! x3
The meat berserker convulses!
The bag of meat convulses!
You hear a shout! x6
You hear a shout! x5
The eight-headed meat hydra is engulfed in blazing flames.
The eight-headed meat hydra calls on the powers of darkness!
The eight-headed meat hydra convulses!
The bag of meat convulses!
Your body is wracked with pain!
* * * LOW HITPOINT WARNING * * *
The bag of meat convulses! x3; The meat berserker convulses!
The bag of meat convulses! x2
You hear a shout!
The crawling corpse is engulfed in blazing flames.
The sculptor of flesh is engulfed in blazing flames.
The sculptor of flesh hits you with a +9 great sword!!!!!
Ouch! That really hurt!
You die...

o@.. .z.. ..o....
..... ....O.... ....o.
#....z..# .......
#.......# .%...%.
.###.....oo###§......
......###.ox@§§.%.....
......_.%D§Xz§..%....
#..%%)#)x)%...#.#.
#_.<)_#..%........
..#.%.))#))M.X%#%#.#
..O..._.))))%)).%....
......###))).)))..#.#.
.###.....))###))......
#...%...#.%))...%.%


You could see an accursed (wandering), an eight-headed meat hydra, 2 sculptors
of flesh, 2 large abominations, a meat berserker (berserk), 6 bags of meat and 2
crawling corpses.

Vanquished Creatures
  5 hell beasts (D)
  2 greater mummies (D)
  Harold (D)
  14 vampire knights (D)
  36 ogres (D)
  7 two-headed ogres (D)
  2 liches (D)
  54 orcs (D)
  5 skeletal warriors (D)
  7 small abominations (D)
  8 large abominations (D)
  9 crawling corpses (D)
150 creatures vanquished.

Vanquished Creatures (others)
  5 crawling corpses (D)
5 creatures vanquished.

Grand Total: 155 creatures vanquished

Notes
Turn   | Place    | Note
-------+----------+-------------------------------------------
     0 | D        | Found the +∞ Axe of Woe
     0 | D        | vatarom the Minotaur Fighter began the quest for the Orb.
     0 | D        | Reached XP level 1. HP: 19/19 MP: 0/0
     2 | D        | Noticed a bag of meat
     2 | D        | Noticed a bag of meat
     3 | D        | Noticed a bag of meat
     3 | D        | Noticed a bag of meat
     4 | D        | Noticed a bag of meat
     5 | D        | Noticed a bag of meat
     6 | D        | Noticed a bag of meat
     8 | D        | Noticed a meat berserker
     8 | D        | Noticed a meat berserker
     8 | D        | Noticed a meat berserker
     8 | D        | Became a worshipper of Makhleb the Destroyer
    10 | D        | Killed a bag of meat
    10 | D        | Reached XP level 2. HP: 53/53 MP: 1/1
    10 | D        | Reached XP level 3. HP: 61/61 MP: 2/2
    10 | D        | Reached XP level 4. HP: 69/69 MP: 3/3
    10 | D        | Reached XP level 5. HP: 75/75 MP: 4/4
    10 | D        | Reached XP level 6. HP: 84/84 MP: 5/5
    10 | D        | Reached XP level 7. HP: 91/91 MP: 6/6
    10 | D        | Reached XP level 8. HP: 99/99 MP: 7/7
    10 | D        | Reached XP level 9. HP: 106/106 MP: 8/8
    10 | D        | Reached XP level 10. HP: 114/114 MP: 9/9
    10 | D        | Reached XP level 11. HP: 121/121 MP: 10/10
    10 | D        | Killed a bag of meat
    10 | D        | Reached * piety under Makhleb
    10 | D        | Reached XP level 12. HP: 136/136 MP: 11/11
    10 | D        | Killed a bag of meat
    10 | D        | Reached XP level 13. HP: 148/148 MP: 12/12
    11 | D        | Noticed a bag of meat
    11 | D        | Killed a meat berserker
    11 | D        | Reached XP level 14. HP: 87/162 MP: 13/13
    11 | D        | Killed a bag of meat
    11 | D        | Reached ** piety under Makhleb
    11 | D        | Reached XP level 15. HP: 93/173 MP: 14/14
    11 | D        | Killed a meat berserker
    11 | D        | Reached skill level 27 in Fighting
    11 | D        | Reached skill level 27 in Armour
    11 | D        | Reached skill level 27 in Shields
    12 | D        | Killed a meat berserker
    12 | D        | Reached skill level 27 in Axes
    12 | D        | Reached XP level 16. HP: 83/183 MP: 15/15
    12 | D        | Reached *** piety under Makhleb
    12 | D        | Reached skill level 10 in Throwing
    12 | D        | Reached skill level 10 in Stealth
    12 | D        | Reached skill level 10 in Invocations
    12 | D        | Reached XP level 17. HP: 170/191 MP: 15/27
    15 | D        | Reached **** piety under Makhleb
    16 | D        | Noticed a meat berserker
    16 | D        | Noticed a meat berserker
    17 | D        | Noticed a meat berserker
    17 | D        | Noticed a meat berserker
    17 | D        | Noticed a meat berserker
    18 | D        | Killed a meat berserker
    18 | D        | Reached XP level 18. HP: 189/200 MP: 16/30
    18 | D        | Killed a meat berserker
    18 | D        | Reached skill level 27 in Dodging
    19 | D        | Noticed a meat berserker
    19 | D        | Noticed a meat berserker
    19 | D        | Killed a meat berserker
    19 | D        | Reached ***** piety under Makhleb
    19 | D        | Reached XP level 19. HP: 207/207 MP: 16/35
    19 | D        | Noticed a large bag of meat
    21 | D        | Noticed a destroyer
    21 | D        | Killed a meat berserker
    21 | D        | Reached skill level 15 in Spellcasting
    22 | D        | Killed a meat berserker
    22 | D        | Reached XP level 20. HP: 216/216 MP: 16/39
    23 | D        | Killed a meat berserker
    24 | D        | Noticed a large bag of meat
    24 | D        | Noticed a meat berserker
    25 | D        | Killed a meat berserker
    25 | D        | Reached XP level 21. HP: 224/224 MP: 17/42
    25 | D        | Reached ****** piety under Makhleb
    25 | D        | Reached skill level 27 in Unarmed Combat
    26 | D        | Noticed a destroyer
    26 | D        | Reached skill level 27 in Throwing
    26 | D        | Reached skill level 27 in Invocations
    27 | D        | Noticed a large bag of meat
    28 | D        | Killed a destroyer
    28 | D        | Reached skill level 27 in Stealth
    28 | D        | Reached XP level 22. HP: 233/233 MP: 18/49
    28 | D        | Killed a large bag of meat
    29 | D        | Noticed The Servant
    32 | D        | HP: 11/233 [The Servant/+9 glaive of flaming (4)]
    33 | D        | Noticed a destroyer
    33 | D        | Reached skill level 27 in Spellcasting
    33 | D        | Killed a destroyer
    33 | D        | Reached XP level 23. HP: 221/240 MP: 19/53
    33 | D        | Killed The Servant
    36 | D        | Noticed a destroyer
    37 | D        | Noticed a large bag of meat
    37 | D        | Reached XP level 24. HP: 249/249 MP: 20/53
    38 | D        | Killed a destroyer
    39 | D        | Noticed a destroyer
    39 | D        | Killed a large bag of meat
    40 | D        | Reached XP level 25. HP: 257/257 MP: 21/53
    43 | D        | Noticed a destroyer
    43 | D        | Noticed a large bag of meat
    43 | D        | Reached XP level 26. HP: 266/266 MP: 22/53
    44 | D        | Noticed a destroyer
    45 | D        | Killed a destroyer
    45 | D        | Killed a destroyer
    45 | D        | Reached XP level 27. HP: 273/273 MP: 22/53
    46 | D        | Noticed a destroyer
    48 | D        | Noticed an accursed
    50 | D        | Killed a destroyer
    51 | D        | Noticed a large bag of meat
    51 | D        | Noticed a destroyer
    52 | D        | Killed a large bag of meat
    52 | D        | Killed a destroyer
    54 | D        | Noticed an accursed
    54 | D        | Noticed a destroyer
    56 | D        | Killed a destroyer
    57 | D        | Killed a large bag of meat
    58 | D        | Killed a destroyer
    59 | D        | Killed a destroyer
    60 | D        | Noticed a tyrant
    60 | D        | Killed a large bag of meat
    62 | D        | Noticed a destroyer
    62 | D        | Killed an accursed
    65 | D        | Noticed a destroyer
    65 | D        | Noticed a meat beast
    68 | D        | Killed a destroyer
    69 | D        | Killed a meat beast
    71 | D        | Killed an accursed
    71 | D        | Killed a tyrant
    72 | D        | Noticed a destroyer
    73 | D        | Noticed a meat beast
    75 | D        | Killed a meat beast
    76 | D        | Noticed a destroyer
    77 | D        | Killed a destroyer
    79 | D        | Killed a destroyer
    80 | D        | Noticed a meat beast
    81 | D        | Killed a meat beast
    81 | D        | Killed a destroyer
    82 | D        | Noticed a meat beast
    83 | D        | Noticed a meat beast
    87 | D        | Killed a meat beast
    87 | D        | Killed a meat beast
    89 | D        | Noticed a large bag of meat
    90 | D        | Noticed a tyrant
    91 | D        | Killed a large bag of meat
    93 | D        | Noticed The Captor
    97 | D        | Killed a tyrant
    97 | D        | Killed a large bag of meat
    99 | D        | Noticed an accursed
    99 | D        | Annihilated by a sculptor of flesh

Skill      XL: |  1  2  3  4  5  6  7  8  9 10 11 12 13 14 15 16 17 18 19 20 21 22 |
---------------+-------------------------------------------------------------------+-----
Fighting       | 18 21 23 25 26 27 | 27.0
Axes           | 11 13 14 17 18 27 | 27.0
Armour         | 18 20 22 25 27 | 27.0
Shields        | 18 20 21 24 25 27 | 27.0
Throwing       | 10 13 17 22 25 27 | 27.0
Dodging        | 11 23 27 | 27.0
Stealth        | 10 12 16 20 23 27 | 27.0
Unarmed Combat | 11 14 19 23 26 27 | 27.0
Spellcasting   | 7 9 13 16 18 24 27 | 27.0
Invocations    | 10 13 17 22 25 27 | 27.0

Action                   |  1- 3 |  4- 6 |  7- 9 | 10-12 | 13-15 | 16-18 | 19-21 | 22-24 | 25-27 || total
-------------------------+-------+-------+-------+-------+-------+-------+-------+-------+-------++-------
Melee: Executioner's axe |     1 |       |       |       |     2 |     4 |     7 |     6 |    48 ||    68
Invok: Greater Servant o |       |       |       |       |       |       |       |     2 |       ||     2
Armor: Scale mail        |       |       |       |       |       |       |       |     1 |     3 ||     4
Dodge: Dodged            |       |       |       |       |       |     1 |     1 |     1 |     5 ||     8
